[Event "Titled Tuesday Blitz September 14 2021"]
[White "Ibrahimli, Murad"]
[Black "Iskusnyh, Sergei"]
[WhiteFideId "13410229"]
[BlackFideId "4120027"]
[WhiteElo "2109"]
[BlackElo "2492"]
[Result "1-0"]
[Round "03"]
[TimeControl "180+1"]
[Date "2021.09.15"]
[WhiteClock "0:00:54"]
[BlackClock "0:00:10"]

1. d4 d5 2. c4 c6 3. Nf3 Nf6 4. Nc3 a6 5. e3 e6 6. Qc2 c5 7. cxd5 exd5 8. Be2 Be6 9. O-O Nc6 10. Ne5 Rc8 11. Nxc6 Rxc6 12. Bf3 cxd4 13. exd4 Be7 14. h3 O-O 15. Re1 b5 16. a3 Qd6 17. Qd3 Rfc8 18. Re5 Rc4 19. Bg5 h6 20. Bf4 Qb6 21. Rd1 Bd6 22. Rxe6 fxe6 23. Bxh6 Qc7 24. Bg5 Qf7 25. Re1 b4 26. axb4 Bxb4 27. Bd2 Qa7 28. Rxe6 Qxd4 29. Qe2 a5 30. Be3 Qh4 31. Nxd5 Nxd5 32. Bxd5 Rc1+ 33. Bxc1 Rxc1+ 34. Kh2 Kh7 35. Qd3+ 1-0


[Site "https://www.chess.com"]

[Event "Titled Tuesday Blitz September 14 2021"]
[White "Janaszak, Dawid"]
[Black "Vasquez Schroeder, Rodrigo"]
[WhiteFideId "1119206"]
[BlackFideId "3400042"]
[WhiteElo "2283"]
[BlackElo "2568"]
[Result "0-1"]
[Round "03"]
[TimeControl "180+1"]
[Date "2021.09.15"]
[WhiteClock "0:00:03"]
[BlackClock "0:00:54"]

1. e4 c5 2. Nc3 a6 3. g3 Nc6 4. Bg2 g6 5. d3 Bg7 6. Be3 d6 7. Qd2 h5 8. h3 Nd4 9. Nd1 e6 10. c3 Nc6 11. Ne2 Nge7 12. O-O b6 13. d4 cxd4 14. Nxd4 Bb7 15. Bg5 Qc7 16. a4 Na5 17. Rb1 e5 18. Nc2 Nb3 19. Qe1 Nc5 20. a5 bxa5 21. b4 axb4 22. Nxb4 O-O 23. c4 a5 24. Nd5 Nxd5 25. exd5 Ba6 26. Qc3 Rfb8 27. Nb2 Rb3 28. Qc2 Rab8 29. Bc1 Qb6 30. Ra1 Rxb2 31. Bxb2 Qxb2 32. Qxb2 Rxb2 33. Rxa5 Bxc4 34. Rc1 Bd3 35. Ra8+ Kh7 36. Rd8 e4 37. Rxd6 Bd4 38. Rc6 Nb3 39. Rd1 Bxf2+ 40. Kh1 Bxg3 41. d6 Nd4 42. Rc7 Bxd6 43. Rxf7+ Kh6 44. Rd7 Nf5 45. h4 Bg3 46. Ra1 Bxh4 47. Ra6 Bxa6 0-1


[Site "https://www.chess.com"]

[Event "Titled Tuesday Blitz September 14 2021"]
[White "Jobava, Baadur"]
[Black "Weetik, Vjacheslav"]
[WhiteFideId "13601520"]
[BlackFideId "4153472"]
[WhiteElo "2731"]
[BlackElo "2469"]
[Result "1-0"]
[Round "03"]
[TimeControl "180+1"]
[Date "2021.09.15"]
[WhiteClock "0:01:07"]
[BlackClock "0:00:04"]

1. e4 c6 2. c4 e5 3. Nc3 Be7 4. Nf3 d6 5. d4 Nd7 6. g3 Ngf6 7. Bg2 O-O 8. O-O a6 9. Re1 b5 10. c5 dxc5 11. dxe5 Ne8 12. e6 fxe6 13. e5 Nc7 14. Ne4 Nd5 15. h4 c4 16. Nfg5 Nxe5 17. Qh5 h6 18. Nxe6 Bxe6 19. Qxe5 Qd7 20. Bd2 Rae8 21. Rad1 Bg4 22. f3 Bxf3 23. Bxf3 Rxf3 24. Bc3 Bf8 25. Qh5 Qf7 26. Qg4 Ne3 27. Rxe3 Rxe3 28. Nf6+ Kh8 29. Nxe8 Rxe8 30. Rf1 Bc5+ 31. Kg2 Qd5+ 32. Kh2 Qe6 33. Qxg7# 1-0


[Site "https://www.chess.com"]

[Event "Titled Tuesday Blitz September 14 2021"]
[White "Katz, Alexander"]
[Black "Keymer, Vincent"]
[WhiteFideId "2039796"]
[BlackFideId "12940690"]
[WhiteElo "2371"]
[BlackElo "2524"]
[Result "1-0"]
[Round "03"]
[TimeControl "180+1"]
[Date "2021.09.15"]
[WhiteClock "0:00:10"]
[BlackClock "0:00:01"]

1. Nf3 d5 2. c4 d4 3. b4 g5 4. Bb2 Bg7 5. e3 e5 6. exd4 exd4 7. Bd3 g4 8. Qe2+ Ne7 9. Ne5 Nbc6 10. Nxc6 bxc6 11. O-O O-O 12. f3 f5 13. Na3 Rb8 14. Nc2 c5 15. Rae1 Ng6 16. fxg4 fxg4 17. Rxf8+ Qxf8 18. Rf1 Qd8 19. Ba3 Ne5 20. bxc5 Nxd3 21. Qxd3 Qd7 22. c6 Qxc6 23. Nxd4 Qd7 24. Bc5 Bb7 25. Qe3 Re8 26. Qf2 h5 27. Nf5 Be5 28. d4 Bh8 29. d5 Ba6 30. Bd4 Rf8 31. Nh6+ Kh7 32. Qxf8 Bxd4+ 33. Kh1 Kg6 34. Nf5 Bxc4 35. Qg8+ Bg7 36. Nh4+ 1-0


[Site "https://www.chess.com"]

[Event "Titled Tuesday Blitz September 14 2021"]
[White "Korchmar, Vasiliy"]
[Black "Yoo, Christopher Woojin"]
[WhiteFideId "24131750"]
[BlackFideId "30909694"]
[WhiteElo "2370"]
[BlackElo "2105"]
[Result "0-1"]
[Round "03"]
[TimeControl "180+1"]
[Date "2021.09.15"]
[WhiteClock "0:00:04"]
[BlackClock "0:00:08"]

1. e4 d5 2. exd5 Qxd5 3. Nc3 Qd6 4. d4 Nf6 5. Bc4 Bg4 6. Nf3 e6 7. h3 Bh5 8. g4 Bg6 9. Ne5 c6 10. Bf4 Qb4 11. Bb3 Nbd7 12. a3 Qa5 13. Nc4 Qd8 14. Qd2 Ne4 15. Nxe4 Bxe4 16. Rg1 Bd5 17. Qd3 Nf6 18. O-O-O Be7 19. h4 Ne4 20. Be3 Bxh4 21. f3 Nf2 22. Bxf2 Bxf2 23. Rgf1 Bh4 24. Kb1 h5 25. Ne3 hxg4 26. fxg4 Bxb3 27. Qxb3 Qc7 28. Nc4 O-O-O 29. Ne5 Bf6 30. Nxf7 Qxf7 31. g5 Rh5 32. gxf6 gxf6 33. Rf3 Rhd5 34. Rdf1 f5 35. c3 Qg6 36. Ka1 Rh8 37. Re3 Rh4 38. Rfe1 Re4 39. Rxe4 fxe4 40. Qc2 e5 41. Qxe4 Qxe4 42. Rxe4 exd4 43. cxd4 Kd7 44. Kb1 Rh5 45. Kc2 Kd6 46. Rg4 Rh7 47. Rg5 Rf7 48. Kc3 Re7 49. b3 a6 50. a4 b6 51. Rh5 Re3+ 52. Kc2 b5 53. axb5 axb5 54. Rg5 b4 55. Rh5 Rc3+ 56. Kb2 Rd3 57. Rh4 Kd5 58. Rh5+ Kxd4 59. Rh4+ Kc5 60. Rh5+ Rd5 61. Rh4 Rd2+ 62. Kc1 Re2 63. Rg4 Re3 64. Kc2 Re2+ 65. Kc1 Rf2 66. Kb1 Kb5 67. Kc1 c5 68. Kb1 Kc6 69. Rg5 Rd2 70. Kc1 Rd5 71. Rg6+ Rd6 72. Rg5 Re6 73. Rh5 Kd6 74. Kc2 Re5 75. Rh6+ Kd5 76. Rh4 Re4 77. Rh8 Re2+ 78. Kc1 Kd4 79. Rh3 Re3 80. Rh4+ Kc3 81. Rc4+ Kxb3 82. Rxc5 Rc3+ 83. Rxc3+ Kxc3 84. Kb1 Kb3 85. Ka1 Kc2 86. Ka2 b3+ 87. Ka1 b2+ 0-1


[Site "https://www.chess.com"]

[Event "Titled Tuesday Blitz September 14 2021"]
[White "Lagarde, Maxime"]
[Black "Bodnar, Nikolay"]
[WhiteFideId "662399"]
[BlackFideId "14106469"]
[WhiteElo "2615"]
[BlackElo "2296"]
[Result "1-0"]
[Round "03"]
[TimeControl "180+1"]
[Date "2021.09.15"]
[WhiteClock "0:01:15"]
[BlackClock "0:00:22"]

1. Nf3 Nf6 2. g3 g6 3. Bg2 Bg7 4. O-O O-O 5. a4 d5 6. a5 c5 7. d4 cxd4 8. Nxd4 e5 9. Nb3 Nc6 10. Nc3 d4 11. Ne4 Nxe4 12. Bxe4 Be6 13. a6 Bd5 14. axb7 Rb8 15. Qd3 Nb4 16. Qf3 Bxe4 17. Qxe4 f5 18. Qg2 Nxc2 19. Rxa7 Qb6 20. Qd5+ Kh8 21. Ra8 Qxb7 22. Qxb7 Rxb7 23. Rxf8+ Bxf8 24. Na5 Rb5 25. Nc4 Kg8 26. h4 Kf7 27. Bh6 Rc5 28. Bxf8 Rxc4 29. Bh6 Rb4 30. Rb1 Ke6 31. Kf1 Kd5 32. b3 Na3 33. Rb2 Nb5 34. Bf8 Nd6 35. Ke1 Rb7 36. Bh6 e4 37. Bf4 Nb5 38. Kd2 Nc3 39. e3 Ra7 40. exd4 Nb5 41. Be3 Ra3 42. Kc1 Nxd4 43. Rd2 Rxb3 44. Rxd4+ Ke5 45. Rd7 h5 46. Ra7 Rc3+ 47. Kd2 Rc6 48. Rb7 Rd6+ 49. Ke2 Kf6 50. Rb6 Rxb6 51. Bxb6 Ke5 52. Be3 Kd5 53. Kd2 Kc4 54. Kc2 Kb4 55. Bh6 Kc4 56. Bg7 Kb4 57. Kd2 Kc4 58. Ke3 Kd5 59. Kf4 Ke6 60. Bd4 Kf7 1-0


[Site "https://www.chess.com"]

[Event "Titled Tuesday Blitz September 14 2021"]
[White "Ozates, Tuna"]
[Black "Kobalia, Mikhail"]
[WhiteFideId "6354521"]
[BlackFideId "4119150"]
[WhiteElo "1872"]
[BlackElo "2626"]
[Result "0-1"]
[Round "03"]
[TimeControl "180+1"]
[Date "2021.09.15"]
[WhiteClock "0:00:09"]
[BlackClock "0:00:17"]

1. e4 c5 2. Nf3 e6 3. c3 Nf6 4. e5 Nd5 5. d4 cxd4 6. cxd4 d6 7. Nc3 Nxc3 8. bxc3 Nc6 9. exd6 Bxd6 10. Bd3 b6 11. O-O Bb7 12. Re1 Be7 13. Be4 Rc8 14. Ne5 O-O 15. Qh5 f5 16. Bf3 Na5 17. Bxb7 Nxb7 18. Qf3 Qd5 19. Qxd5 exd5 20. Ng6 hxg6 21. Rxe7 Rf7 22. Re5 Rd7 23. Bd2 Na5 24. Re6 Kf7 25. Rae1 Nc4 26. Bg5 a5 27. h4 a4 28. f3 Nd6 29. Re7+ Rxe7 30. Rxe7+ Kg8 31. Rd7 Nb5 32. Rxd5 Nxc3 33. Rd6 Nxa2 34. Rxb6 Ra8 35. d5 Nc3 36. d6 a3 37. d7 a2 38. Ra6 Rxa6 39. d8=Q+ Kh7 40. h5 a1=Q+ 41. Kh2 Ne2 42. h6 Qg1+ 43. Kh3 Qh1# 0-1


[Site "https://www.chess.com"]

[Event "Titled Tuesday Blitz September 14 2021"]
[White "Perez Gormaz, Matias"]
[Black "Sorokin, Aleksey"]
[WhiteFideId "3406342"]
[BlackFideId "24176460"]
[WhiteElo "2352"]
[BlackElo "2476"]
[Result "1-0"]
[Round "03"]
[TimeControl "180+1"]
[Date "2021.09.15"]
[WhiteClock "0:00:21"]
[BlackClock "0:00:18"]

1. e4 d5 2. exd5 Qxd5 3. Nc3 Qd8 4. d4 Nf6 5. Nf3 g6 6. Bg5 Bg7 7. Qd2 Nc6 8. O-O-O Bg4 9. Be2 h6 10. Bf4 Nd5 11. Nxd5 Qxd5 12. c4 Qa5 13. Qxa5 Nxa5 14. d5 Bxf3 15. gxf3 b6 16. Kb1 O-O-O 17. b4 Nb7 18. a3 Rhe8 19. Kc2 e5 20. dxe6 Rxd1 21. Rxd1 Rxe6 22. Bf1 Nd6 23. c5 bxc5 24. bxc5 Nf5 25. Kb3 Nd4+ 26. Ka2 Nxf3 27. Bc4 Rf6 28. Bg3 Ne5 29. Bxe5 Rxf2+ 30. Kb3 Rf3+ 31. Ka4 c6 32. Ba6# 1-0


[Site "https://www.chess.com"]

[Event "Titled Tuesday Blitz September 14 2021"]
[White "Petrovskyi, Vadym"]
[Black "Deac, Bogdan-Daniel"]
[WhiteFideId "14165210"]
[BlackFideId "1226380"]
[WhiteElo "2683"]
[BlackElo "2998"]
[Result "0-1"]
[Round "03"]
[TimeControl "180+1"]
[Date "2021.09.15"]
[WhiteClock "0:00:09"]
[BlackClock "0:00:03"]

1. e4 c5 2. Nf3 a6 3. c4 Nc6 4. Nc3 d6 5. d4 Bg4 6. dxc5 dxc5 7. Be3 e6 8. Qb3 Bxf3 9. gxf3 Rb8 10. Rd1 Qc7 11. f4 Nf6 12. Be2 Nd4 13. Qa4+ Nd7 14. e5 Rd8 15. O-O g5 16. Bxd4 cxd4 17. Ne4 gxf4 18. Rxd4 Be7 19. Rfd1 Rg8+ 20. Kf1 Rg6 21. b4 Rh6 22. Kg1 Rg6+ 23. Kh1 Rh6 24. Bf3 Rh3 25. Bg2 Rh4 26. c5 f3 27. Bxf3 Qxe5 28. Kg2 Qxh2+ 29. Kf1 Qc7 30. Nd6+ Kf8 31. Rxh4 Bxh4 32. Nxb7 Qf4 33. Nxd8 Qxf3 34. Qxd7 Qxf2# 0-1


[Site "https://www.chess.com"]

[Event "Titled Tuesday Blitz September 14 2021"]
[White "Sadhwani, Raunak"]
[Black "Starozhilov, Leonid"]
[WhiteFideId "35093487"]
[BlackFideId "14106752"]
[WhiteElo "2987"]
[BlackElo "2681"]
[Result "1-0"]
[Round "03"]
[TimeControl "180+1"]
[Date "2021.09.15"]
[WhiteClock "0:00:41"]
[BlackClock "0:00:04"]

1. d4 Nf6 2. Nf3 g6 3. Nc3 Bg7 4. e4 d6 5. Be2 Bg4 6. O-O O-O 7. Be3 Bxf3 8. Bxf3 Nc6 9. d5 Ne5 10. Be2 c6 11. a4 a5 12. h3 Rc8 13. Bd4 cxd5 14. exd5 Ned7 15. Re1 Nc5 16. Bb5 Nfd7 17. Bxg7 Kxg7 18. Qd4+ Nf6 19. Re3 e5 20. dxe6 Nxe6 21. Qd2 d5 22. Ree1 Qd6 23. Rad1 Rfd8 24. Ne2 b6 25. c3 Ne4 26. Qe3 Qc5 27. Nd4 Rd6 28. f3 Nf6 29. Qf2 Nxd4 30. Rxd4 Re6 31. g4 Rc7 32. Rxe6 fxe6 33. Qe3 Qd6 34. Kg2 e5 35. Rd1 Re7 36. h4 Qc5 37. Qxc5 bxc5 38. Kf2 d4 39. cxd4 exd4 40. Rc1 Rc7 41. Bc4 Nd7 42. Re1 Nb6 43. Bb5 c4 44. Rc1 c3 45. bxc3 dxc3 46. Ke3 Nc4+ 47. Kd3 Ne5+ 48. Ke4 Kf6 49. g5+ Ke6 50. f4 Nf7 51. Bd3 Nd6+ 52. Kd4 Nf5+ 53. Bxf5+ Kxf5 54. Rxc3 Rd7+ 55. Ke3 Re7+ 56. Kf3 Rb7 57. Rc5+ Ke6 58. Rxa5 Rb3+ 59. Kg4 Ra3 60. Ra6+ Kf7 61. Ra7+ Kg8 62. a5 Ra4 63. a6 Ra3 64. h5 1-0


[Site "https://www.chess.com"]

[Event "Titled Tuesday Blitz September 14 2021"]
[White "Samadov, Read"]
[Black "Aldokhin, Ivan"]
[WhiteFideId "13417444"]
[BlackFideId "24115720"]
[WhiteElo "2084"]
[BlackElo "2265"]
[Result "1-0"]
[Round "03"]
[TimeControl "180+1"]
[Date "2021.09.15"]
[WhiteClock "0:00:18"]
[BlackClock "0:00:04"]

1. d4 Nf6 2. c4 g6 3. Nc3 Bg7 4. e4 d6 5. f4 O-O 6. Nf3 c5 7. d5 e6 8. Be2 exd5 9. cxd5 Bg4 10. O-O Bxf3 11. Bxf3 Nbd7 12. Be3 Re8 13. Qc2 b5 14. Nxb5 Nxe4 15. Bxe4 Nf6 16. Nxd6 Qxd6 17. Bxc5 Qd7 18. Bf3 Rac8 19. Rad1 Qb5 20. b4 Nd7 21. a4 Qxb4 22. Bxb4 Rxc2 23. Rfe1 Rxe1+ 24. Rxe1 Bd4+ 25. Kh1 Rc4 26. Be7 Rxa4 27. d6 Bc3 28. Rc1 Rc4 29. g3 a5 30. Bg4 f5 31. Bf3 Rc5 32. Bd1 Kf7 33. Bb3+ Ke8 34. Ba4 Rc4 35. Bxd7+ Kxd7 36. Bf6 Bxf6 37. Rxc4 Kxd6 38. Kg2 Kd5 39. Rc8 Bd4 40. Kf3 Bb6 41. Ke2 Kd6 42. Kd3 Kd7 43. Rh8 Kc6 44. Kc4 a4 45. Rxh7 Bg1 46. Rh6 a3 47. Rxg6+ Kd7 48. Kb3 Bxh2 49. Kxa3 Ke7 50. Kb3 Kf7 51. Rg5 Kf6 52. Kc4 Bg1 53. Kd3 Bf2 54. Ke2 Bg1 55. Kf3 Bc5 56. Rh5 Kg6 57. Rh1 Kf6 58. Rd1 Ba3 59. Rd5 Ke6 60. Rb5 Kf6 61. g4 fxg4+ 62. Kxg4 Bc1 63. Rb6+ Kf7 64. Kf5 Kf8 65. Rb7 Bd2 66. Ke5 Bc3+ 67. Ke6 Ba1 68. f5 Bc3 69. f6 Kg8 70. Rb8+ Kh7 71. f7 Bg7 72. f8=Q Bxf8 73. Rxf8 Kg7 74. Rf1 1-0


[Site "https://www.chess.com"]

[Event "Titled Tuesday Blitz September 14 2021"]
[White "Sarana, Alexey"]
[Black "Maksimovic, Bojan"]
[WhiteFideId "24133795"]
[BlackFideId "14408120"]
[WhiteElo "2671"]
[BlackElo "2439"]
[Result "1-0"]
[Round "03"]
[TimeControl "180+1"]
[Date "2021.09.15"]
[WhiteClock "0:01:06"]
[BlackClock "0:00:02"]

1. e4 c6 2. Nf3 d5 3. d3 dxe4 4. dxe4 Qxd1+ 5. Kxd1 Bg4 6. Be2 Bxf3 7. Bxf3 e5 8. Ke2 Nf6 9. Nd2 Nbd7 10. Nc4 O-O-O 11. Rd1 h6 12. c3 Kc7 13. b4 Be7 14. Be3 b6 15. a4 Rhe8 16. g3 Bf8 17. h4 Kb7 18. a5 b5 19. a6+ Kc7 20. Na5 Nb6 21. Nb7 Rxd1 22. Rxd1 Be7 23. Ra1 Ra8 24. Na5 Nfd7 25. Bg4 c5 26. Rd1 cxb4 27. cxb4 Bxb4 28. Rc1+ Kd6 29. Rc6+ Ke7 30. Rxb6 Bxa5 31. Rb7 Rd8 32. Bxa7 h5 33. Bc5+ Ke8 34. Bxd7+ Rxd7 35. Rxd7 Kxd7 36. a7 1-0


[Site "https://www.chess.com"]

[Event "Titled Tuesday Blitz September 14 2021"]
[White "Srihari L R"]
[Black "Grischuk, Alexander"]
[WhiteFideId "46617116"]
[BlackFideId "4126025"]
[WhiteElo "2683"]
[BlackElo "3073"]
[Result "0-1"]
[Round "03"]
[TimeControl "180+1"]
[Date "2021.09.15"]
[WhiteClock "0:00:05"]
[BlackClock "0:00:33"]

1. Nf3 Nf6 2. c4 g6 3. b4 Bg7 4. Bb2 O-O 5. e3 d6 6. Be2 e5 7. d4 e4 8. Nfd2 h5 9. Nc3 Re8 10. h3 h4 11. Qc2 Bf5 12. Nd5 Nxd5 13. cxd5 Nd7 14. Rc1 Qg5 15. Rg1 Rac8 16. g4 hxg3 17. Rxg3 Qh4 18. Bg4 Bxg4 19. Rxg4 Qxh3 20. Rxe4 Nf6 21. Rxe8+ Rxe8 22. Qb3 Ng4 23. Nf1 Bh6 24. Rc3 Bg5 25. Qa4 Re7 26. Qxa7 Qf3 27. Rc2 Nxf2 28. Qb8+ Kg7 29. Rxf2 Bh4 0-1


[Site "https://www.chess.com"]

[Event "Titled Tuesday Blitz September 14 2021"]
[White "Stribuk, Artiom"]
[Black "Jones, Gawain C B"]
[WhiteFideId "13515659"]
[BlackFideId "409561"]
[WhiteElo "2224"]
[BlackElo "2657"]
[Result "0-1"]
[Round "03"]
[TimeControl "180+1"]
[Date "2021.09.15"]
[WhiteClock "0:00:01"]
[BlackClock "0:00:04"]

1. d4 Nf6 2. c4 g6 3. Nf3 Bg7 4. g3 c5 5. d5 b5 6. cxb5 a6 7. bxa6 O-O 8. Nc3 d6 9. Bg2 Nxa6 10. O-O Bf5 11. Nd2 Nb4 12. a3 Qd7 13. e4 Bg4 14. f3 Bh3 15. Nc4 Rfb8 16. Bd2 Bxg2 17. Kxg2 Na6 18. Qc2 Ne8 19. Rab1 Nec7 20. b3 Nb5 21. Nxb5 Rxb5 22. Bc3 Rab8 23. Bxg7 Kxg7 24. Qc3+ Kg8 25. Rfe1 Nc7 26. Qd3 e6 27. dxe6 Nxe6 28. Qxd6 Qxd6 29. Nxd6 Rxb3 30. Rxb3 Rxb3 31. Ra1 Nd4 32. a4 Rb2+ 33. Kf1 Nxf3 34. a5 Nxh2+ 35. Ke1 Nf3+ 36. Kf1 Nd2+ 37. Ke1 Nb3 38. Ra3 Nd4 39. a6 Nc2+ 40. Kd1 Nxa3 41. a7 Rb1+ 42. Ke2 Rb2+ 43. Kf1 Nc2 44. a8=Q+ Kg7 45. Ke2 Nb4+ 46. Ke3 Rb3+ 47. Kf4 Nd3+ 48. Ke3 Ne5+ 49. Kd2 Rxg3 50. Kc2 Rg2+ 51. Kd1 Ng4 52. Ne8+ Kh6 53. Ke1 Ne3 54. Qb8 Nc2+ 55. Kd1 Ne3+ 56. Kc1 Kg5 57. Qe5+ Kh4 58. Qf4+ Ng4 59. Nf6 g5 60. Qf5 Rg1+ 61. Kb2 Rg2+ 62. Ka3 h5 63. Nxg4 Rg3+ 64. Kb2 Rxg4 65. e5 Rf4 66. Qc8 g4 67. Qxc5 g3 68. Qg1 Rf2+ 69. Kc3 Kg4 70. Kd3 h4 71. Ke3 Rf3+ 72. Ke4 Rf4+ 73. Ke3 h3 74. Qd1+ Kg5 75. Qd8+ f6 76. exf6 Rxf6 77. Qg8+ Rg6 78. Qd5+ Kh6 0-1


[Site "https://www.chess.com"]

[Event "Titled Tuesday Blitz September 14 2021"]
[White "Svane, Rasmus"]
[Black "Goryachkina, Aleksandra"]
[WhiteFideId "4657101"]
[BlackFideId "4147103"]
[WhiteElo "2643"]
[BlackElo "2441"]
[Result "1-0"]
[Round "03"]
[TimeControl "180+1"]
[Date "2021.09.15"]
[WhiteClock "0:00:19"]
[BlackClock "0:00:01"]

1. Nf3 Nf6 2. g3 c5 3. c4 Nc6 4. Nc3 e5 5. Bg2 d6 6. d3 Be7 7. Bg5 O-O 8. Nd2 Be6 9. O-O Ne8 10. Bxe7 Nxe7 11. Bxb7 Rb8 12. Bg2 f5 13. e3 Qd7 14. Rb1 f4 15. exf4 exf4 16. Re1 Nc7 17. Qa4 Qc8 18. Nde4 Nf5 19. Ne2 Bd7 20. Qd1 Ne6 21. gxf4 Qd8 22. N4g3 Qh4 23. Nxf5 Rxf5 24. Ng3 Rxf4 25. Bd5 Rbf8 26. Qh5 Qf6 27. Ne4 Rxe4 28. Rxe4 Qxf2+ 29. Kh1 g6 30. Qg4 Kh8 31. Bxe6 Bxe6 32. Rxe6 Qc2 33. Qd1 1-0


[Site "https://www.chess.com"]

[Event "Titled Tuesday Blitz September 14 2021"]
[White "Szpar, Milosz"]
[Black "Sviridov_Valery"]
[WhiteFideId "1184989"]
[WhiteElo "2282"]
[BlackElo "2962"]
[Result "1/2-1/2"]
[Round "03"]
[TimeControl "180+1"]
[Date "2021.09.15"]
[WhiteClock "0:00:08"]
[BlackClock "0:00:13"]

1. e4 Nf6 2. e5 Nd5 3. d4 d6 4. Nf3 dxe5 5. Nxe5 c6 6. Be2 Nd7 7. Nf3 N7f6 8. h3 Bf5 9. O-O h6 10. c4 Nb6 11. Nc3 e6 12. Be3 Be7 13. Qb3 Qc7 14. Rac1 O-O 15. Rfd1 Rad8 16. d5 Nbd7 17. Na4 Ne4 18. Nd4 Ndc5 19. Nxc5 Nxc5 20. Qc3 Bg6 21. b4 Ne4 22. Qb3 e5 23. Nf3 cxd5 24. cxd5 Qb8 25. Qa4 b6 26. Ba6 Nf6 27. Qb3 Be4 28. Bc4 b5 29. Bf1 Bxd5 30. Qa3 Bxf3 31. gxf3 Nd5 32. Bxa7 Qb7 33. Bc5 Nf4 34. Qa7 Qxa7 35. Bxa7 Bxb4 36. Bxb5 Ra8 37. Be3 Nxh3+ 38. Kg2 Nf4+ 39. Bxf4 exf4 40. Bc4 Ba3 41. Rb1 Ra7 42. Rd4 g5 43. Bb3 Kg7 44. Re1 Bc5 45. Rd5 Bb4 46. Re4 Ba3 47. Red4 Rc8 48. Rd7 Rcc7 49. Rxc7 Rxc7 50. Ra4 Bb2 51. Rc4 Rd7 52. Rc2 Ba3 53. Re2 Kf6 54. Rc2 Bb4 55. Rc6+ Rd6 56. Rxd6+ Bxd6 57. Bd5 Ba3 58. Bb3 Kg6 59. Bc2+ f5 60. Bd3 h5 61. Bc2 g4 62. Ba4 Kg5 63. Be8 Bc5 64. Bd7 Bb6 65. a4 h4 66. fxg4 fxg4 67. f3 gxf3+ 68. Kxf3 Ba5 69. Bh3 Bc7 70. Bg4 Kf6 71. Bh3 Ke5 72. Bg4 Kd4 73. Bh3 Ke5 74. Bf1 Kd4 75. Bh3 Ke5 1/2-1/2


[Site "https://www.chess.com"]

[Event "Titled Tuesday Blitz September 14 2021"]
[White "Taboas Rodriguez, Daniel"]
[Black "Nesterov, Arseniy"]
[WhiteFideId "2208466"]
[BlackFideId "24198455"]
[WhiteElo "2429"]
[BlackElo "2494"]
[Result "0-1"]
[Round "03"]
[TimeControl "180+1"]
[Date "2021.09.15"]
[WhiteClock "0:00:19"]
[BlackClock "0:00:49"]

1. d4 d5 2. Nf3 Nf6 3. c4 c6 4. cxd5 cxd5 5. Nc3 Nc6 6. Bf4 e6 7. e3 Bd6 8. Bxd6 Qxd6 9. Bd3 O-O 10. O-O Bd7 11. Rc1 Rac8 12. a3 a6 13. b4 g6 14. Qb3 Rc7 15. Rc2 Rfc8 16. Rfc1 Na7 17. Ne5 Bb5 18. Nxb5 Nxb5 19. h3 Rxc2 20. Rxc2 Rxc2 21. Bxc2 Qc7 22. a4 Nd6 23. f3 Nc4 24. Qc3 b5 25. a5 Ne8 26. Kf2 Ned6 27. Nd3 Nf5 28. Ne5 Nfxe3 29. Bd3 Nd1+ 0-1


[Site "https://www.chess.com"]

[Event "Titled Tuesday Blitz September 14 2021"]
[White "Vitiugov, Nikita"]
[Black "Koellner, Ruben Gideon"]
[WhiteFideId "4152956"]
[BlackFideId "12993093"]
[WhiteElo "2673"]
[BlackElo "2539"]
[Result "1-0"]
[Round "03"]
[TimeControl "180+1"]
[Date "2021.09.15"]
[WhiteClock "0:01:00"]
[BlackClock "0:00:06"]

1. d4 d6 2. Nf3 Nf6 3. Nc3 Nbd7 4. e4 e5 5. Bc4 Be7 6. O-O c6 7. a4 Qc7 8. a5 h6 9. Re1 Nf8 10. Nh4 Ne6 11. d5 Nd4 12. Be3 c5 13. Nb5 Nxb5 14. Bxb5+ Kf8 15. Qd3 Nxd5 16. Ng6+ fxg6 17. Qxd5 Bf6 18. Bc4 Ke8 19. Red1 1-0


[Site "https://www.chess.com"]

[Event "Titled Tuesday Blitz September 14 2021"]
[White "Wagner, Dennis"]
[Black "Nakamura, Hikaru"]
[WhiteFideId "24650684"]
[BlackFideId "2016192"]
[WhiteElo "2686"]
[BlackElo "3175"]
[Result "0-1"]
[Round "03"]
[TimeControl "180+1"]
[Date "2021.09.15"]
[WhiteClock "0:00:02"]
[BlackClock "0:00:35"]

1. d4 g6 2. c4 Bg7 3. e4 d6 4. Nc3 Nc6 5. d5 Nd4 6. Nge2 c5 7. Be3 Nxe2 8. Bxe2 f5 9. exf5 Bxf5 10. g4 Bd7 11. h4 Qa5 12. Bd2 Qb6 13. h5 gxh5 14. g5 O-O-O 15. Qc2 h6 16. f4 hxg5 17. fxg5 h4 18. O-O-O e6 19. Rdf1 Be5 20. Bg4 exd5 21. Bxd7+ Rxd7 22. Nxd5 Qd8 23. Qa4 Ne7 24. Qxa7 Nxd5 25. cxd5 Qc7 26. g6 b5 27. Qa8+ Qb8 28. Qa3 Qb7 29. Bg5 Qxd5 30. Rxh4 Kb7 31. Rxh8 Bxh8 32. Qg3 Qc4+ 33. Kb1 Qxf1+ 0-1


[Site "https://www.chess.com"]

[Event "Titled Tuesday Blitz September 14 2021"]
[White "Zhigalko, Sergei"]
[Black "Concio, Michael Jr."]
[WhiteFideId "13502956"]
[BlackFideId "5217873"]
[WhiteElo "2662"]
[BlackElo "1896"]
[Result "1-0"]
[Round "03"]
[TimeControl "180+1"]
[Date "2021.09.15"]
[WhiteClock "0:01:21"]
[BlackClock "0:00:52"]

1. e4 c6 2. d4 d5 3. e5 Bf5 4. Nf3 e6 5. Be2 c5 6. Be3 Nc6 7. dxc5 Qc7 8. O-O Nge7 9. Na3 a6 10. c4 Nxe5 11. Qa4+ N7c6 12. cxd5 exd5 13. Nb5 Qb8 14. Nbd4 Bd7 15. Qb3 Be6 16. Nxe6 fxe6 17. Ng5 Qc8 18. f4 Na5 19. Qa4+ Nec6 20. Bg4 Qd7 21. Bxe6 Qe7 22. Rae1 1-0


[Site "https://www.chess.com"]

[Event "Titled Tuesday Blitz September 14 2021"]
[White "Bluebaum, Matthias"]
[Black "Krivonosov, Oleg"]
[WhiteFideId "24651516"]
[BlackFideId "11600349"]
[WhiteElo "2681"]
[BlackElo "2469"]
[Result "1-0"]
[Round "04"]
[TimeControl "180+1"]
[Date "2021.09.15"]
[WhiteClock "0:00:44"]
[BlackClock "0:00:15"]

1. d4 d5 2. Nf3 Nf6 3. Bf4 e6 4. e3 c5 5. c3 Nc6 6. Nbd2 Bd6 7. Bg3 O-O 8. Bd3 b6 9. e4 Be7 10. e5 Nh5 11. Ng5 Bxg5 12. Qxh5 g6 13. Qe2 cxd4 14. h4 Bh6 15. h5 dxc3 16. bxc3 Bg7 17. Nf3 Qc7 18. Qe3 d4 19. cxd4 Nb4 20. Be4 Nc2+ 21. Bxc2 Qxc2 22. h6 Bh8 23. O-O Bb7 24. Rfc1 Qe4 25. Qxe4 Bxe4 26. Rc7 Bxf3 27. gxf3 Rfc8 28. Rac1 Rxc7 29. Rxc7 f6 30. f4 b5 31. Bh4 g5 32. fxg5 fxe5 33. g6 hxg6 34. h7+ Kf8 35. Bg5 exd4 36. Bh6+ Ke8 37. Bg7 d3 38. Kf1 Rd8 39. Ke1 1-0


[Site "https://www.chess.com"]

[Event "Titled Tuesday Blitz September 14 2021"]
[White "Bortnyk, Olexandr"]
[Black "Rodriguez Hernandez, Luis Daniel"]
[WhiteFideId "14120828"]
[BlackFideId "3506770"]
[WhiteElo "2723"]
[BlackElo "2133"]
[Result "0-1"]
[Round "04"]
[TimeControl "180+1"]
[Date "2021.09.15"]
[WhiteClock "0:00:01"]
[BlackClock "0:00:10"]

1. e4 e5 2. Bc4 Nc6 3. d3 Bc5 4. Nc3 Nf6 5. Bg5 h6 6. Bh4 Na5 7. Nge2 Nxc4 8. dxc4 c6 9. f4 g5 10. fxg5 Ng4 11. Qd3 Ne3 12. Rg1 Ng4 13. Rf1 hxg5 14. Bg3 Nxh2 15. Bxe5 Nxf1 16. Bxh8 Ne3 17. b4 Nxg2+ 18. Kf1 Ne3+ 19. Ke1 Ng2+ 20. Kd2 Be3+ 21. Kd1 f6 22. Ng3 Kf7 23. Qe2 Bd4 24. Qh5+ Ke6 25. Qh3+ g4 26. Qxg4+ Kd6 27. Nf5+ Kc7 28. Qxg2 Bxc3 29. Rb1 Qxh8 30. Ke2 Qh5+ 31. Kd3 Be5 32. Rh1 Qf7 33. Rh8 b5 34. c5 Bb7 0-1


[Site "https://www.chess.com"]

[Event "Titled Tuesday Blitz September 14 2021"]
[White "Bryakin, Mikhail"]
[Black "Petesch, Gabriel"]
[WhiteFideId "4165314"]
[BlackFideId "2032465"]
[WhiteElo "2313"]
[BlackElo "2374"]
[Result "1-0"]
[Round "04"]
[TimeControl "180+1"]
[Date "2021.09.15"]
[WhiteClock "0:02:07"]
[BlackClock "0:00:01"]

1. e4 d6 2. d4 Nf6 3. Nc3 e5 4. Nf3 exd4 5. Nxd4 Be7 6. Be2 O-O 7. O-O Re8 8. f4 Bf8 9. Bf3 c6 10. Re1 Qc7 11. Be3 Nbd7 12. h3 Nc5 13. Bf2 Bd7 14. a4 Rad8 15. Qd2 Bc8 16. Rad1 Nfd7 17. b4 Ne6 18. Nf5 g6 19. Nxd6 Bxd6 20. Qxd6 Qxd6 21. Rxd6 Nxf4 22. Red1 b6 23. Bh4 Ne6 24. Bxd8 Rxd8 25. Rxc6 Bb7 26. Rcd6 Nef8 27. Bg4 f5 28. exf5 h5 29. Be2 Rc8 30. Rxd7 Nxd7 31. Rxd7 Rb8 1-0


[Site "https://www.chess.com"]